Map: Frozen Temple

Players

Miszu

  • Race: Terran Terran
  • League: Master

A.I. 1 (Very Easy)

  • Race: Zerg Zerg

VOD

Have the link to the VOD?

Description

Time

  • Played on: April 7, 2016, 1:56 p.m.
  • Length: 19:00
Show
View Real Time Build Order
Export as new Build Order

Miszu Terran 

Build Orders: MMM Bio, Banshee Rush 

Get SALT Encoding   

  12  0:00  Terran Infantry Armor Level 1, Zerg Melee Weapons Level 2, Terran Vehicle Armor Level 2, Protoss Ground Armor Level 1, Terran Infantry Weapons Level 1, Terran Ship Weapons Level 1, Zerg Flyer Weapons Level 3, Terran Infantry Armor Level 2, Protoss Air Armor Level 3, Building Armor, Terran Vehicle Armor Level 1, Zerg Flyer Armor Level 2, Zerg Melee Weapons Level 1, Zerg Missile Weapons Level 3, Protoss Ground Weapons Level 2, Zerg Melee Weapons Level 3, Extended Thermal Lance, Zerg Ground Armor Level 1, Zerg Ground Armor Level 3, Terran Ship Armor Level 3, Adrenal Glands, Protoss Ground Armor Level 3, Zerg Flyer Armor Level 3, Protoss Ground Weapons Level 3, Protoss Air Weapons Level 2, Terran Vehicle Weapons Level 1, Terran Vehicle Armor Level 3, Protoss Air Weapons Level 3, Terran Ship Weapons Level 2, Protoss Shields Level 3, Zerg Flyer Weapons Level 2, Charge, Zerg Flyer Weapons Level 1, Stimpack, Protoss Shields Level 2, Zerg Ground Armor Level 2, Protoss Air Armor Level 2, Terran Ship Armor Level 2, Terran Vehicle Weapons Level 3, Resonating Glaives, Terran Ship Armor Level 1, Protoss Shields Level 1, Zerg Flyer Armor Level 1, Terran Vehicle Weapons Level 2, Terran Infantry Weapons Level 3, Terran Infantry Weapons Level 2, Protoss Ground Weapons Level 1, Ventral Sacs, Protoss Air Armor Level 1, Blink, Zerg Missile Weapons Level 2, Protoss Ground Armor Level 2, Warp Gate, Terran Ship Weapons Level 3, Zerg Missile Weapons Level 1, Protoss Air Weapons Level 1, Terran Infantry Armor Level 3  
  12  0:02  Enduring Locusts  
  12  0:03  Personal Cloaking  
    0:09  Psionic Storm  
    0:10  Cloaking Field, Combat Shields, Tunneling Claws, Centrifical Hooks, Metabolic Boost, Neural Parasite, Neosteel Frame, Corvid Reactor, Glial Reconstitution, Durable Materials, Infernal Pre-Igniter, Chitinous Plating  
    0:18  Burrow, Muscular Augments x2  
    0:32  Pathogen Glands, Behemoth Reactor, Observer Gravitic Boosters, Hi-Sec Auto Tracking, Moebius Reactor, Caduceus Reactor, Graviton Catapult, Gravitic Drive  
    0:42  SCV x12  
    0:46  Weapon Refit, Pneumatized Carapace, Concussive Shells  
    0:54  Unknown  
    0:56  SCV  
  13  1:08  SCV  
  14  1:12  Supply Depot  
  15  1:29  Unknown x5  
Show
View Real Time Build Order
Export as new Build Order

A.I. 1 (Very Easy) Zerg 

Build Orders:  

Get SALT Encoding   

  12  0:00  Terran Infantry Armor Level 1, Zerg Melee Weapons Level 2, Terran Vehicle Armor Level 2, Protoss Ground Armor Level 1, Terran Infantry Weapons Level 1, Terran Ship Weapons Level 1, Zerg Flyer Weapons Level 3, Terran Infantry Armor Level 2, Protoss Air Armor Level 3, Building Armor, Terran Vehicle Armor Level 1, Zerg Flyer Armor Level 2, Zerg Melee Weapons Level 1, Zerg Missile Weapons Level 3, Protoss Ground Weapons Level 2, Zerg Melee Weapons Level 3, Extended Thermal Lance, Zerg Ground Armor Level 1, Zerg Ground Armor Level 3, Terran Ship Armor Level 3, Adrenal Glands, Protoss Ground Armor Level 3, Zerg Flyer Armor Level 3, Protoss Ground Weapons Level 3, Protoss Air Weapons Level 2, Terran Vehicle Weapons Level 1, Terran Vehicle Armor Level 3, Protoss Air Weapons Level 3, Terran Ship Weapons Level 2, Protoss Shields Level 3, Zerg Flyer Weapons Level 2, Charge, Zerg Flyer Weapons Level 1, Stimpack, Protoss Shields Level 2, Zerg Ground Armor Level 2, Protoss Air Armor Level 2, Terran Ship Armor Level 2, Terran Vehicle Weapons Level 3, Resonating Glaives, Terran Ship Armor Level 1, Protoss Shields Level 1, Zerg Flyer Armor Level 1, Terran Vehicle Weapons Level 2, Terran Infantry Weapons Level 3, Terran Infantry Weapons Level 2, Protoss Ground Weapons Level 1, Ventral Sacs, Protoss Air Armor Level 1, Blink, Zerg Missile Weapons Level 2, Protoss Ground Armor Level 2, Warp Gate, Terran Ship Weapons Level 3, Zerg Missile Weapons Level 1, Protoss Air Weapons Level 1, Terran Infantry Armor Level 3  
  12  0:02  Enduring Locusts  
  12  0:03  Personal Cloaking  
    0:09  Psionic Storm  
    0:10  Cloaking Field, Combat Shields, Tunneling Claws, Centrifical Hooks, Metabolic Boost, Neural Parasite, Neosteel Frame, Corvid Reactor, Glial Reconstitution, Durable Materials, Infernal Pre-Igniter, Chitinous Plating  
    0:18  Burrow, Muscular Augments x2  
    0:32  Pathogen Glands, Behemoth Reactor, Observer Gravitic Boosters, Hi-Sec Auto Tracking, Moebius Reactor, Caduceus Reactor, Graviton Catapult, Gravitic Drive  
    0:36  Overlord  
    0:42  Drone x12  
    0:46  Weapon Refit, Pneumatized Carapace, Concussive Shells  
    0:54  Unknown  
    0:56  Drone  
  13  1:02  Drone  
  14  1:29  Unknown x5  
Tags
 
Composition
MMM Bio
League
Master
Matchup
TvZ
Strategy
Banshee Rush
Add a new tag
Caveats
  • Supply blocks, unpowered buildings, or Contaminate may cause inaccurate times.
  • Supply counts are checked every 10 seconds.